 Dungeon Crawl Stone Soup version 0.29.0-4-gdea44cf6ec (console) character file.

Game seed: 14756178157861158188

68 Cab the Chopper (level 4, 0/35 HPs)
             Began as a Demonspawn Fighter on Aug 27, 2022.
             Slain by a gnoll
             ... wielding a +0 whip of electrocution
              (16 damage)
             ... on level 2 of the Dungeon.
             The game lasted 00:02:42 (1455 turns).

Cab the Chopper (Demonspawn Fighter)                Turns: 1455, Time: 00:02:42

Health: 0/35       AC:  6    Str: 19    XL:     4   Next: 1%
Magic:  4/4        EV:  9    Int:  9    God:
Gold:   81         SH:  8    Dex: 12    Spells: 3/3 levels left

rFire   . . .      SeeInvis .   a - +0 war axe
rCold   . . .      Faith    .   c - +0 buckler
rNeg    . . .      Spirit   .   b - +0 scale mail
rPois   .          Reflect  .   (no helmet)
rElec   .          Harm     .   (no cloak)
rCorr   .          Rampage  .   (no gloves)
Will    .....                   (no boots)
Stlth   ..........              (no amulet)
HPRegen 0.11/turn               (no ring)
MPRegen 0.09/turn               (no ring)

@: mighty
A: hooves 1, condensation shield
a: no special abilities


You were on level 2 of the Dungeon.
You visited 1 branch of the dungeon, and saw 2 of its levels.

You collected 81 gold pieces.

Inventory:

Hand Weapons
 a - a +0 war axe (weapon)
Armour
 b - a +0 scale mail (worn)
 c - a +0 buckler (worn)
Wands
 l - a wand of polymorph (13)
Scrolls
 f - a scroll of poison {unknown}
 h - a scroll of torment {unknown}
 i - a scroll of immolation {unknown}
 j - 2 scrolls of identify {unknown}
Potions
 e - 2 potions of lignification {unknown}
 g - a potion of ambrosia {unknown}
 k - a potion of magic {unknown}
 m - a potion of curing {unknown}


   Skills:
 - Level 3.0 Fighting
 + Level 3.9 Axes
 - Level 2.6 Armour
 - Level 2.6 Shields


You had 3 spell levels left.
You didn't know any spells.
Your spell library contained the following spells:

 Spells                   Type           Power      Damage    Failure   Level
 Magic Dart               Conj           0%         1d3       86%         1
 Shock                    Conj/Air       0%         1d3       86%         1
 Searing Ray              Conj           0%         2d4       94%         2
 Swiftness                Air            0%         N/A       99%         3
 Airstrike                Air            0%         2d(0-16)  100%        4
 Fulminant Prism          Conj/Hex       0%         3d6       100%        4


Dungeon Overview and Level Annotations

Branches:
Dungeon (2/15)

Altars:


Innate Abilities, Weirdness & Mutations

You have large cloven feet.
A meltable shield of frost defends you. (SH +4)


Message History

A worm comes into view.
A gnoll comes into view.
It is wielding a +0 whip of electrocution.
The gnoll moves out of view.
A kobold comes into view. It is wielding a +0 short sword.
The kobold shouts!
You hear a shout!
The worm bites you.
You barely miss the worm. The worm barely misses you.
You hit the worm. You kick the worm.
The worm is moderately wounded.
A gnoll comes into view. It is wielding a +0 spear.
You block the worm's attack.
You hit the worm. You kick the worm.
The worm is heavily wounded.
You barely miss the gnoll. The gnoll hits you but does no damage.
You block the worm's attack.
You slash the worm!
You kill the worm!
You hit the kobold but do no damage. You closely miss the gnoll.
You block the kobold's attack. The gnoll hits you but does no damage.
The kobold hits you with a +0 short sword.
The gnoll hits you with a +0 whip of electrocution.
You have reached level 4!
You feel stronger.
You feel very mighty all of a sudden. The kobold hits you but does no damage.
You block the gnoll's attack.
A gnoll comes into view. It is wielding a +0 whip.
You closely miss the gnoll. Your kick misses the gnoll. You slash the kobold!
You kill the kobold!
You slash the gnoll!
The gnoll is almost dead.
You block the gnoll's attack.
The gnoll hits you with a +0 whip of electrocution.
The gnoll barely misses you.
The gnoll hits you from afar with a +0 spear!
You barely miss the gnoll.
The gnoll is almost dead.
The gnoll completely misses you.
The gnoll hits you with a +0 whip of electrocution.
You are electrocuted!
You die...

∙∙∙∙∙∙▒▒∙∙∙▒▒▒▒▒▒▒▒∙▒▒
▒▒▒∙▒▒▒
▒▒▒▒∙∙∙∙∙∙∙∙∙∙▒ ▒∙▒ ∙▒
▒∙∙∙▒∙∙∙▒▒∙▒ ▒∙▒
▒∙∙∙▒▒▒▒▒▒∙▒▒▒▒ ∙▒ ▒
▒∙∙∙▒ ▒∙∙∙∙▒▒∙▒ ∙∙
▒∙∙∙▒ ▒▒▒▒∙∙∙∙▒∙▒▒
▒∙∙∙▒ ▒∙∙∙∙∙∙∙∙ ▒∙∙∙▒
▒g)∙∙g>∙∙ ▒∙∙∙▒
▒@∙g▒▒∙∙∙ ▒∙∙∙▒ ▒%∙∙▒
∙∙ ▒∙∙∙▒ ∙ ▒∙∙∙▒ ▒∙∙∙▒
▒∙∙∙▒ ▒∙∙∙▒ ▒∙∙∙▒


You could see 3 gnolls.

Vanquished Creatures
  Jessica (D:2)
  A worm (D:2)
  A dart slug (D:2)
  A bat (D:1)
  4 endoplasms
  7 jackals (D:1)
  3 kobolds
  3 quokkas
  6 ball pythons
  3 goblins (D:1)
  4 rats
34 creatures vanquished.

Notes
Turn   | Place    | Note
-------+----------+-------------------------------------------
     0 | D:1      | Cab the Demonspawn Fighter began the quest for the Orb.
     0 | D:1      | Reached XP level 1. HP: 18/18 MP: 1/1
    94 | D:1      | Gained mutation: You have large cloven feet. [demonic
                  | ancestry]
    94 | D:1      | Reached XP level 2. HP: 15/24 MP: 2/2
   999 | D:1      | Gained mutation: A meltable shield of frost defends you.
                  | (SH +4) [demonic ancestry]
   999 | D:1      | Reached XP level 3. HP: 28/29 MP: 3/3
  1250 | D:2      | Noticed Jessica
  1255 | D:2      | Killed Jessica
  1452 | D:2      | Reached XP level 4. HP: 30/35 MP: 4/4
  1455 | D:2      | Slain by a gnoll

Illustrated notes

Levels and vault maps discovered:
D:1:      nzn_arrival_water_spiral, layout_basic
D:2:      layout_basic, uniq_jessica

Skill      XL: |  1  2 |
---------------+-------+-----
Axes           | 2 3 |  3.9
Fighting       | |  3.0
Armour         | |  2.6
Shields        | |  2.6

Action                   |  1- 3 |  4- 6 || total
-------------------------+-------+-------++-------
Melee: War axe           |    81 |     3 ||    84
       Kick              |    14 |       ||    14
  Use: Potion            |       |     1 ||     1
Armor: Scale mail        |    42 |     1 ||    43
Dodge: Dodged            |    45 |     2 ||    47
Block: Buckler           |    23 |     2 ||    25
